 Dungeon Crawl Stone Soup version 0.20.1-1-g8b1a95d (webtiles) character file.

7713 Megalobster the Destroyer (level 11, -2/61 HPs)
             Began as a Deep Elf Conjurer on July 27, 2017.
             Was a Believer of Vehumet.
             Slain by an orc knight
             ... wielding a +0 halberd
              (22 damage)
             ... in a bailey.
             The game lasted 00:41:55 (12062 turns).

Megalobster the Destroyer (Deep Elf Conjurer)      Turns: 12062, Time: 00:41:55

Health: -2/61      AC:  4    Str: 10    XL:     11   Next: 0%
Magic:  2/26       EV: 20    Int: 24    God:    Vehumet [**....]
Gold:   187        SH:  8    Dex: 17    Spells: 13/29 levels left

rFire    + . .     SeeInvis .   T - +2 short sword (drain)
rCold    . . .     Gourm    .   o - +0 buckler
rNeg     . . .     Faith    .   N - +2 robe {rF+}
rPois    +         Spirit   .   (helmet restricted)
rElec    +         Reflect  +   (no cloak)
rCorr    .         Harm     .   (no gloves)
MR       +....                  (no boots)
Stlth    +++.......             B - +2 amulet of reflection
Regen    0.2/turn               y - ring "Yraghuac" {*Slow rElec rPois EV+4}
MPRegen  0.2/turn               R - ring of wizardry

@: mighty
A: beak, thin skeletal structure 1
a: Renounce Religion


You were in a bailey.
You worshipped Vehumet.
Vehumet was pleased with you.
You were not hungry.

You visited 2 branches of the dungeon, and saw 11 of its levels.
You also visited: Bailey.

You collected 562 gold pieces.
You spent 375 gold pieces at shops.

Inventory:

Hand Weapons
 g - a +0 blowgun
 n - a +0 dagger
 T - a +2 short sword of draining (weapon)
Missiles
 e - 314 stones (quivered)
 j - 31 poisoned needles
 m - 3 curare-tipped needles
 E - 56 sling bullets
Armour
 a - a +0 robe
 o - a +0 buckler (worn)
 C - a +0 crystal plate armour
 J - a +2 robe of fire resistance
 N - a +2 robe of fire resistance (worn)
Jewellery
 k - an uncursed ring of protection from fire
 u - an uncursed amulet of harm
 y - the ring "Yraghuac" (left hand) {*Slow rElec rPois EV+4}
   (You found it on level 9 of the Dungeon)

   [ring of evasion]

   It affects your evasion (+4).
   It insulates you from electricity.
   It protects you from poison.
   It may slow you when you take damage.
 B - a +2 amulet of reflection (around neck)
 R - a ring of wizardry (right hand)
Wands
 s - a wand of paralysis (19/24)
 x - a wand of flame (36/48)
 D - a wand of scattershot (6/9)
 F - a wand of flame (30/48)
 M - a wand of lightning (5/15)
 O - a wand of confusion (31/48)
 U - a wand of acid (4/15)
 W - a wand of polymorph (9/24)
Scrolls
 h - 5 scrolls of remove curse
 i - 2 scrolls of fog
 p - a scroll of magic mapping
 q - 4 scrolls of teleportation
 v - a scroll of immolation
 G - a scroll of blinking {unknown}
 K - a scroll of enchant weapon {unknown}
 L - 2 scrolls of amnesia
Potions
 d - a potion of lignification
 w - 3 potions of curing
 z - a potion of haste
 A - a potion of resistance
 H - a potion of might
 P - 5 potions of heal wounds
 Q - a potion of flight
 S - a potion of experience {unknown}
 V - a potion of berserk rage
Books
 b - a book of Conjurations

   Spells                             Type                      Level
   a - Magic Dart                     Conjuration                  1
   b - Searing Ray                    Conjuration                  2
   c - Dazzling Spray                 Conjuration/Hexes            3
   d - Fulminant Prism                Conjuration/Hexes            4
   e - Force Lance                    Conjuration/Translocation    4
   f - Iskenderun's Mystic Blast      Conjuration                  4
 I - a book of Cantrips

   Spells                             Type                      Level
   a - Confusing Touch                Hexes                        1
   b - Animate Skeleton               Necromancy                   1
   c - Summon Small Mammal            Summoning                    1
   d - Apportation                    Translocation                1
Miscellaneous
 f - a phial of floods
Comestibles
 c - 5 bread rations
 l - 18 chunks of flesh
 r - a meat ration
 t - 2 fruits


   Skills:
 + Level 4.0 Fighting
 + Level 6.3 Dodging
 - Level 2.4 Stealth
 + Level 5.4 Shields
 + Level 9.5 Spellcasting
 * Level 11.6 Conjurations
 - Level 5.6 Hexes
 - Level 3.9 Translocations
 + Level 2.2 Earth Magic
 + Level 2.2 Evocations


You had 13 spell levels left.
You knew the following spells:

 Your Spells              Type           Power        Failure   Level  Hunger
a - Magic Dart            Conj           ####         1%          1    None
b - Searing Ray           Conj           ######       1%          2    None
c - Iskenderun's Mystic   Conj           ######..     1%          4    #......
d - Fulminant Prism       Conj/Hex       ######....   1%          4    #......
e - Force Lance           Conj/Tloc      #####...     1%          4    #......
f - Sandblast             Erth           ###...       1%          1    None


Dungeon Overview and Level Annotations

Branches:
Dungeon (10/15)            Temple (1/1) D:6
   Lair: D:8-11         Orc: D:9-12

Altars:
Ashenzari
Cheibriados
Dithmenos
Elyvilon
Fedhas
Gozag
Hepliaklqana
Kikubaaqudgha
Makhleb
Nemelex Xobeh
Okawaru
Qazlal
Ru
Sif Muna
Trog
Uskayaw
Vehumet
Xom
Yredelemnul
Zin
The Shining One

Shops:
D:8 =


Innate Abilities, Weirdness & Mutations

You have a beak for a mouth.
You have a somewhat thin skeletal structure. (Dex +2, Stealth)


Message History

The orc knight is lightly wounded.
The blast of energy engulfs the orc knight.
The orc knight is lightly wounded.
Things that are here:
a trident; a ring mail
Casting: Fulminant Prism
Confirm with . or Enter, or press ? or * to list all spells.
Aiming: Iskenderun's Mystic Blast
Press: ? - help, Shift-Dir - straight line, f - orc knight
Aim: an orc knight, wielding a glaive and wearing a scale mail (lightly wounded)
The orb of energy hits the orc knight.
The orc knight is lightly wounded.
You see here a hand axe.
The orc knight roars a battlecry!
The orc knight goes into a battle-frenzy!
The orc knight closely misses you.
The orc knight hits you from afar with a glaive!!!
Ouch! That really hurt!
The orc knight hits you from afar with a halberd!!
You die...

####### ############
#...).## ##..@.....∩.##
...)...######...)).......#
..))..o#....#...)oo......#
..)))).')...'...))......∩#
...)...#....#....).)))...#
.......######......))....#
#..)..## ##........∩.##
####### ############


You could see 2 orc knights.

Vanquished Creatures
  A two-headed ogre (D:9)
  Pikel (D:5)
  2 orc knights (Bailey)
  The ghost of SeriousVitamin the Destroyer, a novice DEFE (D:5)
  Psyche (D:9)
  A hippogriff (D:7)
  A spriggan (D:8)
  Sigmund (D:3)
  A wyvern (D:8)
  A hungry ghost (D:7)
  A water moccasin (D:8)
  9 orc warriors
  A black bear (D:7)
  A phantom (D:4)
  6 ogres
  An ice beast (D:5)
  2 centaurs (D:5)
  2 big kobolds
  Blork the orc (D:5)
  3 bullfrogs
  2 scorpions
  11 killer bees
  4 wights (D:7)
  2 crimson imps
  3 howler monkeys
  3 centaur zombies
  A bullfrog zombie (D:9)
  2 quasits (D:8)
  3 jellies
  3 hounds
  3 orc priests
  A centaur skeleton (D:9)
  6 worker ants
  7 orc wizards
  A howler monkey zombie (D:9)
  8 gnolls
  8 adders
  3 shadow imps
  An ooze (D:2)
  An adder skeleton (D:9)
  3 worms
  A dart slug (D:1)
  9 leopard geckos
  62 orcs
  5 bats
  4 giant cockroaches
  9 hobgoblins
  10 jackals
  18 kobolds
  7 quokkas
  10 frilled lizards
  7 goblins
  A leopard gecko skeleton (D:6)
  A leopard gecko zombie (D:6)
  A quokka skeleton (D:9)
  11 rats
270 creatures vanquished.

Vanquished Creatures (others)
  A slave (D:5)
  An orc priest (D:5)
  A jackal (D:5)
  41 fulminant prisms
  A plant (D:8)
45 creatures vanquished.

Grand Total: 315 creatures vanquished

Notes
Turn   | Place    | Note
-------+----------+-------------------------------------------
     0 | D:1      | Megalobster the Deep Elf Conjurer began the quest for the Orb.
     0 | D:1      | Reached XP level 1. HP: 10/10 MP: 6/6
   359 | D:1      | Reached XP level 2. HP: 15/15 MP: 6/8
   363 | D:1      | Learned a level 2 spell: Searing Ray
   631 | D:1      | Reached skill level 5 in Conjurations
  1224 | D:1      | Reached XP level 3. HP: 19/19 MP: 6/10
  1535 | D:2      | Found an opulent altar of Gozag.
  1720 | D:2      | Reached XP level 4. HP: 24/24 MP: 6/12
  1895 | D:2      | Learned a level 4 spell: Iskenderun's Mystic Blast
  1900 | D:2      | Learned a level 4 spell: Fulminant Prism
  2277 | D:2      | Reached skill level 6 in Conjurations
  2568 | D:3      | Reached XP level 5. HP: 28/28 MP: 11/13
  2615 | D:3      | Noticed Sigmund
  2650 | D:3      | Gained mutation: You have a beak for a mouth. [potion of mutation]
  2650 | D:3      | Gained mutation: You have a somewhat thin skeletal structure. (Dex +2, Stealth) [potion of mutation]
  2895 | D:3      | Found a bloodstained altar of Trog.
  2896 | D:3      | Killed Sigmund
  2896 | D:3      | Reached skill level 1 in Shields
  2896 | D:3      | Reached XP level 6. HP: 32/32 MP: 9/15
  3078 | D:3      | Reached skill level 5 in Spellcasting
  3198 | D:3      | You fall through a shaft for 2 floors!
  3198 | D:5      | Entered Level 5 of the Dungeon
  3309 | D:3      | Learned a level 4 spell: Force Lance
  3617 | D:3      | Found an iron altar of Okawaru.
  3713 | D:4      | Reached skill level 7 in Conjurations
  3961 | D:4      | Found a deep blue altar of Sif Muna.
  4050 | D:4      | Reached XP level 7. HP: 36/36 MP: 12/17
  4363 | D:5      | Reached skill level 1 in Translocations
  4762 | D:5      | Noticed SeriousVitamin's ghost (novice DEFE)
  4996 | D:5      | Noticed Blork the orc
  4998 | D:5      | Killed Blork the orc
  4998 | D:5      | Reached skill level 8 in Conjurations
  5008 | D:5      | Reached XP level 8. HP: 34/41 MP: 3/19
  5156 | D:5      | Noticed Pikel
  5170 | D:5      | Killed Pikel
  5395 | D:5      | Reached skill level 5 in Hexes
  5788 | D:5      | Reached skill level 9 in Conjurations
  5883 | D:5      | Killed SeriousVitamin's ghost
  5883 | D:5      | Reached XP level 9. HP: 34/45 MP: 12/21
  5947 | D:5      | Found a burning altar of Makhleb.
  5947 | D:5      | Found a glowing golden altar of the Shining One.
  7105 | D:6      | Found a staircase to the Ecumenical Temple.
  7117 | Temple   | Entered the Ecumenical Temple
  7426 | D:7      | Reached skill level 1 in Fighting
  7970 | D:7      | Reached skill level 10 in Conjurations
  8797 | D:8      | Found a shadowy altar of Dithmenos.
  8944 | D:8      | Found a snail-covered altar of Cheibriados.
  9199 | D:8      | Reached skill level 5 in Dodging
  9199 | D:8      | Reached XP level 10. HP: 54/54 MP: 20/24
  9223 | D:8      | Found Xiex Riu's Jewellery Shoppe.
  9226 | D:8      | Bought an uncursed ring of wizardry for 300 gold pieces
  9272 | D:8      | Found a radiant altar of Vehumet.
  9293 | D:8      | Became a worshipper of Vehumet
  9483 | D:8      | Found a sacrificial altar of Ru.
  9929 | D:9      | Found a sparkling altar of Nemelex Xobeh.
 10576 | D:9      | Noticed Psyche
 10578 | D:9      | Killed Psyche
 10578 | D:9      | Reached skill level 11 in Conjurations
 11111 | D:9      | Reached * piety under Vehumet
 11111 | D:9      | Offered knowledge of Sandblast by Vehumet.
 11170 | D:9      | Learned a level 1 spell: Sandblast
 11277 | D:9      | Reached skill level 5 in Shields
 11354 | D:9      | Got a sparkling tin ring
 11400 | D:9      | Noticed a two-headed ogre
 11403 | D:9      | Killed a two-headed ogre
 11403 | D:9      | Reached skill level 1 in Earth Magic
 11403 | D:9      | Reached skill level 1 in Evocations
 11543 | D:8      | Bought a +2 amulet of reflection for 75 gold pieces
 11544 | D:8      | Identified the ring "Yraghuac" {*Slow rElec rPois EV+4} (You found it on level 9 of the Dungeon)
 11564 | D:10     | Entered Level 10 of the Dungeon
 11564 | D:10     | Found a flagged portal.
 11620 | Bailey   | Entered a bailey
 11846 | Bailey   | Offered knowledge of Flame Tongue by Vehumet.
 12013 | Bailey   | Noticed an orc knight
 12013 | Bailey   | Noticed an orc knight
 12020 | Bailey   | Reached ** piety under Vehumet
 12029 | Bailey   | Killed an orc knight
 12030 | Bailey   | Killed an orc knight
 12030 | Bailey   | Reached XP level 11. HP: 61/61 MP: 4/26
 12039 | Bailey   | Noticed an orc knight
 12039 | Bailey   | Noticed an orc knight
 12062 | Bailey   | Slain by an orc knight

Skill      XL: |  1  2  3  4  5  6  7  8  9 10 |
---------------+-------------------------------+-----
Conjurations   | 5 6 7 8 9 10 11 | 11.6
Spellcasting   | 4 5 6 7 8 9 |  9.5
Shields        | 1 2 3 4 5 |  5.4
Hexes          | 2 3 4 5 |  5.6
Translocations | 2 3 |  3.9
Dodging        | 5 6 |  6.3
Fighting       | 2 4 |  4.0
Earth Magic    | 2 |  2.2
Evocations     | 2 |  2.2
Stealth        | |  2.4

Action                   |  1- 3 |  4- 6 |  7- 9 | 10-12 || total
-------------------------+-------+-------+-------+-------++-------
Melee: Short sword       |       |       |       |     1 ||     1
 Fire: Blowgun           |       |       |     1 |       ||     1
Throw: Stone             |    15 |       |       |       ||    15
 Cast: Magic Dart        |    69 |    61 |    43 |    41 ||   214
       Searing Ray       |     4 |    22 |    42 |    13 ||    81
       Iskenderun's Myst |       |     2 |    17 |    22 ||    41
       Fulminant Prism   |       |     1 |    16 |    24 ||    41
       Force Lance       |       |       |     2 |    10 ||    12
       Sandblast         |       |       |       |     1 ||     1
Evoke: Wand              |       |     1 |       |       ||     1
  Use: Potion            |       |     5 |       |     2 ||     7
       Scroll            |       |     3 |     1 |    12 ||    16
  Eat: Meat ration       |     1 |       |     1 |       ||     2
       Chunk             |       |     5 |    11 |     1 ||    17
       Fruit             |       |       |     4 |     1 ||     5
       Bread ration      |       |       |       |     2 ||     2
Armor: Robe              |     1 |       |     6 |     5 ||    12
       Skin              |       |    13 |       |       ||    13
Dodge: Dodged            |    24 |     3 |    29 |    31 ||    87
Block: Buckler           |       |     5 |    14 |    11 ||    30
